 Dungeon Crawl Stone Soup version 0.20-b1-24-gb21faa7 (webtiles) character file.

983 miragecloak the Martial Artist (level 8, 0/48 HPs)
             Began as an Octopode Transmuter on May 24, 2017.
             Killed by divine providence
             ... invoked by an orc priest
              (16 damage)
             ... on level 5 of the Dungeon on May 25, 2017.
             The game lasted 00:09:43 (5834 turns).

miragecloak the Martial Artist (OpTm)               Turns: 5834, Time: 00:09:44

Health: 0/48       AC:  2    Str: 11    XL:     8   Next: 17%
Magic:  8/11       EV: 20    Int: 15    God:
Gold:   245        SH:  0    Dex: 18    Spells: 7/11 levels left

rFire    . . .     SeeInvis .     - Unarmed
rCold    . . .     Gourm    .   (shield currently unavailable)
rNeg     . . .     Faith    .   (helmet currently unavailable)
rPois    x         Spirit   .   (no amulet)
rElec    .         Reflect  .   (no ring)
rCorr    .         Harm     .   (no ring)
MR       .....                  (no ring)
Stlth    ++........             (no ring)
Regen    0.2/turn               (no ring)
MPRegen  0.2/turn               (no ring)
                                (no ring)
                                (no ring)

@: spider-form
A: almost no armour, stealthy swim, (amphibious), 8 rings, (constrict 8), clumsy
1, strong 1
a: End Transformation


You were on level 5 of the Dungeon.
You were hungry.
You were a venomous arachnid creature.
You visited 2 branches of the dungeon, and saw 7 of its levels.

You collected 245 gold pieces.

Inventory:

Missiles
 a - 117 arrows
Armour
 p - a +0 hat (melded)
Jewellery
 e - an uncursed ring of protection from fire {unknown}
 g - an uncursed ring of resist corrosion {unknown}
 B - an uncursed ring of see invisible {unknown}
Wands
 x - a wand of paralysis (10/24)
 z - a wand of acid (6/15)
Scrolls
 d - 2 scrolls of remove curse {unknown}
 f - a scroll of fear {unknown}
 h - 2 scrolls of magic mapping {unknown}
 k - 3 scrolls of teleportation {unknown}
 l - 4 scrolls of identify {unknown}
 n - a scroll of fog {unknown}
 s - 2 scrolls of recharging {unknown}
 y - a scroll of enchant armour {unknown}
 A - a scroll of noise {unknown}
Potions
 j - a potion of lignification {unknown}
 m - a potion of haste {unknown}
 q - a potion of brilliance {unknown}
 r - 2 potions of heal wounds {unknown}
 t - 4 potions of curing
 w - a potion of ambrosia {unknown}
Books
 b - a book of Changes

   Spells                             Type                      Level
   a - Beastly Appendage              Transmutation                1
   b - Sticks to Snakes               Transmutation                2
   c - Spider Form                    Transmutation/Poison         3
   d - Ice Form                       Ice/Transmutation            4
   e - Blade Hands                    Transmutation                5
 u - a book of Flames

   Spells                             Type                      Level
   a - Flame Tongue                   Conjuration/Fire             1
   b - Throw Flame                    Conjuration/Fire             2
   c - Conjure Flame                  Conjuration/Fire             3
   d - Inner Flame                    Hexes/Fire                   3
   e - Sticky Flame                   Conjuration/Fire             4
   f - Fireball                       Conjuration/Fire             5
Comestibles
 c - a bread ration
 i - 2 royal jellies
 o - 2 meat rations
 v - 5 chunks of flesh


   Skills:
 - Level 1.0 Fighting
 - Level 2.0 Dodging
 + Level 8.4 Unarmed Combat
 - Level 2.0 Spellcasting
 - Level 4.0 Transmutations
 - Level 3.5 Poison Magic


You had 7 spell levels left.
You knew the following spells:

 Your Spells              Type           Power        Failure   Level  Hunger
a - Beastly Appendage     Tmut           ##....       13%         1    #......
b - Spider Form           Tmut/Pois      ##........   32%         3    ###....


Dungeon Overview and Level Annotations

Branches:
Dungeon (6/15)             Temple (1/1) D:5

Altars:
Cheibriados
Dithmenos
Elyvilon
Fedhas
Gozag
Hepliaklqana
Kikubaaqudgha
Okawaru
Qazlal
Ru
Sif Muna
Trog
Uskayaw
Vehumet
Yredelemnul
Zin
The Shining One

Shops:
D:5 %   D:6 ?

Annotations:
D:4 miragecloak's ghost, amateur OpTm


Innate Abilities, Weirdness & Mutations

You cannot wear most types of armour.
You are very stealthy in the water. (Stealth+)
((You are amphibious.))
You can wear up to eight rings at the same time.
((You can use your tentacles to constrict eight enemies at once.))
((Your skin changes colour to match your surroundings (Stealth+).))
((Your rubbery body absorbs attacks. (AC +1, EV +1)))
((You are partially covered in yellow scales. (AC +2)))
You are clumsy. (Dex -2)
Your muscles are strong. (Str +2)


Message History

Your transformation has ended.
Your +0 hat unmelds from your body.
There is a stone staircase leading down here.
You climb downwards.
The orc priest shouts!
You hear a shout!
The orc priest barely misses you.
The orc warrior hits you with a short sword!
Found a robe.
There is a stone staircase leading up here.
The orc priest misses you.
The orc warrior hits you with a short sword!!
You climb upwards.
There is a stone staircase leading down here.
Casting: Spider Form
Confirm with . or Enter, or press ? or * to list all spells.
You turn into a venomous arachnid creature.
Your +0 hat melds into your body.
The orc priest closely misses you.
The orc priest invokes the aid of Beogh against you.
Beogh smites you!
You die...

####.##..#.## #)####.##.#
##....###....####.##......#
##..#### ##........##.#.####
##..## #.####..###.#.# ...## #.#
#......#.# #### #.# ##..#####.# #
#.###...## #.# ## #####
#.o.o.#..# #.### #. ##...##
#..##s##.## #...# #.
##.....####(##..##..#####.#####.
##.........((.(.((...............
.........###....#####.(.....).##.
##..>.........................##.
##<....###############.......###
#.#.8.#.# #.......# #.......#
####### ######..# #.8.>.8.#
##.#.#.###### #..#


You could see an orc warrior and an orc priest.

Vanquished Creatures
  Sigmund (D:4)
  2 ogres (D:5)
  2 scorpions (D:4)
  A vampire bat (D:5)
  A crimson imp (D:5)
  A bullfrog zombie (D:5)
  A centaur skeleton (D:5)
  5 hounds
  An orc wizard (D:4)
  A worker ant (D:5)
  A hound zombie (D:5)
  A howler monkey skeleton (D:4)
  4 adders
  A shadow imp (D:5)
  2 oozes (D:2)
  An adder skeleton (D:4)
  5 worms
  2 dart slugs
  5 leopard geckos
  18 orcs
  6 bats
  3 bat skeletons (D:5)
  2 bat zombies (D:5)
  11 giant cockroaches
  4 goblins
  5 hobgoblins
  9 jackals
  8 kobolds
  2 quokkas
  5 frilled lizards
  A leopard gecko skeleton (D:5)
  4 rats
116 creatures vanquished.

Notes
Turn   | Place    | Note
-------+----------+-------------------------------------------
     0 | D:1      | miragecloak the Octopode Transmuter began the quest for the Orb.
     0 | D:1      | Reached XP level 1. HP: 13/13 MP: 3/3
   412 | D:1      | Reached XP level 2. HP: 2/18 MP: 3/5
  1121 | D:1      | Reached XP level 3. HP: 13/23 MP: 4/6
  1126 | D:1      | Learned a level 3 spell: Spider Form
  1353 | D:2      | Reached skill level 1 in Poison Magic
  1656 | D:2      | Gained mutation: You are clumsy. (Dex -2) [potion of mutation]
  1656 | D:2      | Gained mutation: Your muscles are strong. (Str +2) [potion of mutation]
  1656 | D:2      | Gained mutation: You are partially covered in yellow scales. (AC +2) [potion of mutation]
  1658 | D:2      | Reached XP level 4. HP: 19/28 MP: 1/7
  2774 | D:3      | Reached XP level 5. HP: 32/33 MP: 4/8
  2867 | D:3      | Found an opulent altar of Gozag.
  3320 | D:4      | Noticed Sigmund
  3628 | D:4      | Reached skill level 4 in Unarmed Combat
  3651 | D:4      | Noticed an ogre
  3652 | D:4      | Noticed miragecloak's ghost (amateur OpTm)
  3680 | D:3      | Reached XP level 6. HP: 3/38 MP: 0/9
  4131 | D:4      | Killed Sigmund
  4131 | D:4      | Reached skill level 5 in Unarmed Combat
  4459 | D:4      | Reached skill level 6 in Unarmed Combat
  4459 | D:4      | Reached XP level 7. HP: 36/43 MP: 8/10
  4845 | D:5      | Entered Level 5 of the Dungeon
  5047 | D:5      | Reached skill level 7 in Unarmed Combat
  5099 | D:5      | Found Mamunt's Food Boutique.
  5195 | D:5      | Found an ancient bone altar of Kikubaaqudgha.
  5258 | D:5      | Found a staircase to the Ecumenical Temple.
  5273 | Temple   | Entered the Ecumenical Temple
  5409 | Temple   | Upgraded the game from 0.20-b1-18-gaa2fd62 to 0.20-b1-24-gb21faa7
  5646 | D:5      | Reached skill level 8 in Unarmed Combat
  5646 | D:5      | Reached XP level 8. HP: 48/48 MP: 8/11
  5749 | D:6      | Found Mehesin's Magic Scroll Emporium.
  5834 | D:5      | Killed from afar by an orc priest

Skill      XL: |  1  2  3  4  5  6  7 |
---------------+----------------------+-----
Transmutations | 3 4 |  4.0
Poison Magic   | 1 3 |  3.5
Unarmed Combat | 4 6 8 |  8.4
Fighting       | |  1.0
Dodging        | |  2.0
Spellcasting   | |  2.0

Action                   |  1- 3 |  4- 6 |  7- 9 || total
-------------------------+-------+-------+-------++-------
Melee: Unarmed           |    80 |   163 |   106 ||   349
       Constrict         |    16 |     5 |       ||    21
       Kick              |     8 |       |       ||     8
       Tentacles         |     9 |     7 |     1 ||    17
 Cast: Beastly Appendage |    17 |       |     2 ||    19
       Spider Form       |     3 |    29 |    21 ||    53
  Use: Potion            |     2 |       |       ||     2
 Stab: Sleeping          |     1 |       |     1 ||     2
  Eat: Chunk             |     3 |    13 |     3 ||    19
       Bread ration      |       |       |     1 ||     1
Armor: Skin              |     9 |    12 |    12 ||    33
Dodge: Dodged            |    73 |   128 |   110 ||   311
